 Dungeon Crawl Stone Soup version 0.30.1-9-gdf580d7c3d (webtiles) character file.

Game seed: 2854564458935209440

13116 lonewolfV2 the Fighter (level 11, -4/99 HPs)
             Began as a Demonspawn Berserker on Oct 25, 2023.
             Was an Elder of Trog.
             Slain by a death yak (12 damage)
             ... on level 11 of the Dungeon.
             The game lasted 00:19:15 (7693 turns).

lonewolfV2 the Fighter (Demonspawn Berserker)       Turns: 7693, Time: 00:19:15

Health: -4/99      AC: 22    Str: 29    XL:     11   Next: 71%
Magic:  11/11      EV: 10    Int:  8    God:    Trog [****..]
Gold:   708        SH:  8    Dex: 12    Spells: 10/10 levels left

rFire   . . .        a - +0 hand axe (freeze)
rCold   . . .        H - +0 kite shield
rNeg    . . .        r - +0 plate armour
rPois   .            (helmet restricted)
rElec   .            m - +0 cloak
rCorr   +            K - +0 pair of gloves
SInv    .            y - +1 pair of boots
Will    ++...        d - amulet of regeneration Stlth
                     g - +6 ring of strength
HPRegen 3.16/turn    o - ring of resist corrosion
MPRegen 0.12/turn

%: no passive effects
@: strong-willed, on berserk cooldown, regenerating, slowed, very slow
A: antennae 2, thin metallic scales 2, powered by death 1, robust 1, spiny 2
a: Renounce Religion, Berserk, Trog's Hand, Brothers in Arms


You were on level 11 of the Dungeon.
You worshipped Trog.
Trog was greatly pleased with you.
You visited 1 branch of the dungeon, and saw 11 of its levels.

You collected 708 gold pieces.

Inventory:

Hand Weapons
 a - a +0 hand axe of freezing (weapon)
Missiles
 s - a throwing net (quivered)
Armour
 m - a +0 cloak (worn)
 r - a +0 plate armour (worn)
 y - a +1 pair of boots (worn)
 H - a +0 kite shield (worn)
 K - a +0 pair of gloves (worn)
Jewellery
 d - an amulet of regeneration (around neck)
 g - a +6 ring of strength (left hand)
 o - a ring of resist corrosion (right hand)
 v - an amulet of magic regeneration
Wands
 l - a wand of flame (10)
 x - a wand of roots (23)
 C - a wand of digging (5)
Scrolls
 b - a scroll of fog
 e - 8 scrolls of teleportation
 n - 3 scrolls of magic mapping
 w - 2 scrolls of silence
 A - 2 scrolls of blinking
 F - a scroll of fear
 G - 2 scrolls of identify
 I - a scroll of immolation {unknown}
 J - a scroll of vulnerability {unknown}
Potions
 c - a potion of brilliance
 f - a potion of might
 h - 4 potions of curing
 i - a potion of berserk rage
 j - 5 potions of mutation
 k - 4 potions of attraction
 q - 2 potions of lignification
 u - a potion of resistance {unknown}
 z - 11 potions of degeneration
 B - a potion of magic {unknown}
 D - a potion of cancellation {unknown}
 E - a potion of flight {unknown}


   Skills:
 - Level 10.1 Fighting
 + Level 4.0 Long Blades
 - Level 4.8 Axes
 - Level 9.8 Armour
 - Level 9.6 Dodging
 + Level 3.5 Shields


You had 10 spell levels left.
You didn't know any spells.
Your spell library was empty.

Dungeon Overview and Level Annotations

Branches:
Dungeon (11/15)            Temple (0/1) D:6
   Lair: D:8-11         Orc: D:9-12

Altars:
Ashenzari
Cheibriados
Dithmenos
Fedhas
Gozag
Hepliaklqana
Kikubaaqudgha
Makhleb
Nemelex Xobeh
Okawaru

Shops:
D:10 (

Annotations:
D:10 2 runed translucent doors, exclusion: orange crystal statue


Innate Abilities, Weirdness & Mutations

You have a pair of antennae on your head.
You are mostly covered in thin metallic scales. (AC +3)
You regenerate a little health from kills.
You are robust. (+10% HP)
You are mostly covered in sharp spines.


Message History

The death yak gores you but does no damage.
You block the orc priest's attack.
The death yak gores you but does no damage.
Something hits you but does no damage. Something bites you.
* * * LOW HITPOINT WARNING * * *
Something draws strength from your injuries!
You are confused.
You feel invigorated.
The death yak gores you but does no damage.
The death yak is struck by your spines.
You kill the death yak!
Trog accepts your kill. The orc priest barely misses you.
The yak barely misses you. The death yak is struck by your spines.
The death yak gores you.
* * * LOW HITPOINT WARNING * * *
Something hits you but does no damage. Something bites you but does no damage.
Your Long Blades skill increases to level 4!
You feel better.
You feel less invigorated. The death yak gores you!
* * * LOW HITPOINT WARNING * * *
You block the orc priest's attack. The death yak gores you!
* * * LOW HITPOINT WARNING * * *
The yak gores you but does no damage. Something hits you.
* * * LOW HITPOINT WARNING * * *
Something bites you but does no damage. Something hits you but does no damage.
Something bites you but does no damage. You block the orc priest's attack.
You block the yak's attack. You block the death yak's attack. x2
You feel better. You block the orc priest's attack.
The death yak gores you but does no damage.
An orc wizard comes into view. It is wielding a +0 dagger.
The death yak is struck by your spines.
The death yak gores you but does no damage.
The yak gores you!
* * * LOW HITPOINT WARNING * * *
Something completely misses you. Something bites you.
* * * LOW HITPOINT WARNING * * *
Something draws strength from your injuries!
You feel better. The death yak gores you!
* * * LOW HITPOINT WARNING * * *
The orc priest barely misses you. The death yak gores you!
You die...

........
~###.......
~~~#<.....##
~.......... ..
..........# ...
..........#####....
...........<....#
#.......†YY....#
#........@†...##
#....[...oY{...#
##.............#
##.........##....
#.........## .#o.
.....<...... ..#..
...<......... ##..
~............#


You could see 2 death yaks, a yak, an orc priest and an orc wizard.

Vanquished Creatures
  Snorg (D:10)
  2 two-headed ogres
  3 death yaks (D:11)
  An orc knight (D:10)
  Pikel (D:6)
  A gargoyle (D:10)
  An unseen horror (D:10)
  A hornet (D:8)
  3 trolls
  Grinder (D:4)
  Sigmund (D:5)
  A shadow (D:10)
  2 wraiths (D:10)
  3 wyverns
  Eustachio (D:4)
  5 yaks
  4 steam dragons
  Menkaure (D:5)
  2 water moccasins
  A sky beast (D:6)
  5 ice beasts
  4 orc warriors
  3 black bears
  An ogre (D:6)
  3 centaurs
  A lemure (D:6)
  3 kobold brigands
  2 phantoms
  4 bullfrogs
  4 scorpions
  A gnoll sergeant (D:10)
  10 wights
  3 howler monkeys
  6 killer bees
  A jelly (D:6)
  9 orc priests
  2 hounds
  Crazy Yiuf (D:7)
  Jessica (D:3)
  3 iguanas
  9 orc wizards
  11 gnolls
  8 adders
  3 white imps
  3 ufetubi (D:5)
  A worm (D:2)
  2 dart slugs (D:2)
  28 orcs
  4 endoplasms
  4 giant cockroaches
  8 hobgoblins
  3 quokkas
  5 ball pythons
  2 bats (D:1)
  A frilled lizard (D:1)
  8 goblins
  16 kobolds
  3 rats
222 creatures vanquished.

Vanquished Creatures (others)
  A sky beast (D:7)
  An ufetubus (D:6)
2 creatures vanquished.

Grand Total: 224 creatures vanquished

Notes
Turn   | Place    | Note
-------+----------+-------------------------------------------
     0 | D:1      | lonewolfV2 the Demonspawn Berserker began the quest for the
                  | Orb.
     0 | D:1      | Reached XP level 1. HP: 18/18 MP: 1/1
   318 | D:1      | Gained mutation: You are partially covered in sharp spines.
                  | [demonic ancestry]
   318 | D:1      | Reached XP level 2. HP: 24/24 MP: 2/2
   970 | D:2      | Gained mutation: You are mostly covered in sharp spines.
                  | [demonic ancestry]
   970 | D:2      | Reached XP level 3. HP: 27/29 MP: 3/3
  1105 | D:2      | Reached ** piety under Trog
  1509 | D:2      | Gained mutation: You are partially covered in thin metallic
                  | scales. (AC +2) [demonic ancestry]
  1509 | D:2      | Reached XP level 4. HP: 37/37 MP: 4/4
  1634 | D:3      | Noticed Jessica
  1747 | D:3      | Killed Jessica
  1748 | D:3      | Reached skill level 4 in Fighting
  2269 | D:4      | Noticed Eustachio
  2269 | D:4      | Noticed an ice beast
  2271 | D:4      | Noticed a scorpion
  2279 | D:4      | Killed an ice beast
  2280 | D:4      | Gained mutation: You are mostly covered in thin metallic
                  | scales. (AC +3) [demonic ancestry]
  2280 | D:4      | Reached XP level 5. HP: 43/43 MP: 5/5
  2282 | D:4      | Noticed Grinder
  2295 | D:4      | Reached XP level 6. HP: 47/50 MP: 6/6
  2318 | D:4      | Killed Grinder
  2319 | D:4      | Reached skill level 5 in Fighting
  2346 | D:4      | Killed Eustachio
  2347 | D:4      | Gained mutation: You have a pair of small antennae on your
                  | head. [demonic ancestry]
  2347 | D:4      | Reached XP level 7. HP: 55/57 MP: 7/7
  2581 | D:4      | Reached skill level 5 in Dodging
  2586 | D:4      | Reached skill level 6 in Fighting
  2758 | D:5      | Entered Level 5 of the Dungeon
  2862 | D:5      | Reached *** piety under Trog
  2919 | D:5      | Noticed Sigmund
  2927 | D:5      | Killed Sigmund
  2928 | D:5      | Gained mutation: You regenerate a little health from kills.
                  | [demonic ancestry]
  2928 | D:5      | Reached XP level 8. HP: 62/65 MP: 8/8
  3037 | D:5      | Noticed Menkaure
  3040 | D:5      | Killed Menkaure
  3041 | D:5      | Reached skill level 7 in Fighting
  3361 | D:6      | Found a staircase to the Ecumenical Temple.
  3511 | D:6      | Gained mutation: You are robust. (+10% HP) [demonic
                  | ancestry]
  3511 | D:6      | Reached XP level 9. HP: 67/79 MP: 9/9
  3540 | D:6      | Reached **** piety under Trog
  3565 | D:6      | Reached skill level 5 in Armour
  3573 | D:6      | Noticed Pikel
  3595 | D:6      | Killed Pikel
  3596 | D:6      | Reached skill level 8 in Fighting
  4170 | D:7      | Noticed a two-headed ogre
  4181 | D:7      | Killed a two-headed ogre
  4182 | D:7      | Gained mutation: You have a pair of antennae on your head.
                  | [demonic ancestry]
  4182 | D:7      | Reached XP level 10. HP: 90/90 MP: 10/10
  4430 | D:7      | Found a blossoming altar of Fedhas.
  4432 | D:7      | Found a broken altar of Ashenzari.
  4441 | D:7      | Found a snail-covered altar of Cheibriados.
  4446 | D:7      | Found an ancient bone altar of Kikubaaqudgha.
  4448 | D:7      | Found a shadowy altar of Dithmenos.
  4448 | D:7      | Found an opulent altar of Gozag.
  4449 | D:7      | Found an iron altar of Okawaru.
  4451 | D:7      | Found a sparkling altar of Nemelex Xobeh.
  4454 | D:7      | Found a burning altar of Makhleb.
  4729 | D:7      | Found a runed translucent door.
  4730 | D:7      | Noticed Crazy Yiuf
  4738 | D:7      | Killed Crazy Yiuf
  4830 | D:8      | Reached skill level 9 in Fighting
  5966 | D:9      | Reached skill level 10 in Fighting
  6290 | D:9      | Found a flagged portal.
  6389 | D:9      | Reached XP level 11. HP: 51/99 MP: 11/11
  6572 | D:9      | Reached ***** piety under Trog
  6700 | D:10     | Entered Level 10 of the Dungeon
  6775 | D:10     | Found a hazy altar of Hepliaklqana.
  7032 | D:10     | Noticed a two-headed ogre
  7038 | D:10     | Killed a two-headed ogre
  7088 | D:10     | Found Kurghett's Weapon Shop.
  7093 | D:10     | Noticed Snorg
  7106 | D:10     | Killed Snorg
  7184 | D:10     | Reached skill level 1 in Long Blades
  7262 | D:10     | Noticed an orc knight
  7280 | D:10     | Killed an orc knight
  7281 | D:10     | Reached skill level 1 in Shields
  7404 | D:10     | Found a runed translucent door.
  7420 | D:10     | Found a runed translucent door.
  7432 | D:10     | Found a runed translucent door.
  7456 | D:10     | Found a runed translucent door.
  7465 | D:10     | Noticed an orange crystal statue
  7655 | D:11     | Noticed a death yak
  7655 | D:11     | Noticed a death yak
  7673 | D:11     | Noticed a death yak
  7674 | D:11     | Killed a death yak
  7675 | D:11     | Noticed a death yak
  7678 | D:11     | Killed a death yak
  7680 | D:11     | Noticed a death yak
  7690 | D:11     | Killed a death yak
  7691 | D:11     | HP: 4/99 [something (6)]
  7693 | D:11     | Slain by a death yak

Illustrated notes

Levels and vault maps discovered:
D:1:      minmay_arrival_plants_in_alcoves, layout_loops_ring
D:2:      layout_basic, minmay_strange_pillars
D:3:      layout_rooms, uniq_jessica
D:4:      layout_rooms, minmay_statues_item,
          nicolae_concentric_dashed_squares_mild, uniq_eustachio, uniq_grinder
D:5:      layout_gridville, tso_altar, uniq_menkaure, uniq_sigmund
D:6:      layout_rooms, minmay_temple_entry_statues, uniq_pikel
D:7:      nicolae_BIG_FREAKIN_CUBE, layout_layer_cave,
          nicolae_overflow_hallway_of_the_gods, grunt_ministairs_5,
          uniq_crazy_yiuf_cottage
D:8:      layout_basic, glass_columns_b, minmay_joined_circles
D:9:      layout_loops_ring, enter_bailey_7
D:10:     minmay_inner_zag, layout_stronghold,
          mainiacjoe_overflow_concentric_impassable, serial_shops,
          nicolae_shop_bloodbath_and_beyond, minmay_statue_crystal_thing,
          uniq_snorg
D:11:     layout_cave_pools, dpeg_lair_monsters, serial_rivers,
          chequers_serial_rivers_small_3, chequers_serial_rivers_large_b,
          chequers_serial_rivers_room_b, chequers_serial_rivers_micro_b,
          chequers_serial_rivers_micro_e

Skill      XL: |  1  2  3  4  5  6  7  8  9 10 11 |
---------------+----------------------------------+-----
Dodging        | 2 3 4 5 6 7 9 |  9.6
Axes           | 3 4 |  4.8
Fighting       | 4 5 6 7 8 10 | 10.1
Armour         | 4 7 8 9 |  9.8
Long Blades    | 4 |  4.0
Shields        | 3 |  3.5

Action                     |  1- 3 |  4- 6 |  7- 9 | 10-12 || total
---------------------------+-------+-------+-------+-------++-------
  Melee: Hand axe          |    60 |    61 |   245 |   320 ||   686
         Punch             |     1 |       |     5 |       ||     6
 Invoke: Berserk           |       |     2 |     2 |     3 ||     7
         Trog's Hand       |       |     2 |     1 |     8 ||    11
  Evoke: Wand              |       |       |       |     3 ||     3
    Use: Scroll            |     1 |     6 |     8 |     4 ||    19
         Potion            |       |       |       |     5 ||     5
 Armour: Animal skin       |    13 |    20 |     6 |       ||    39
         Plate armour      |       |       |   145 |   228 ||   373
  Dodge: Dodged            |    43 |    31 |   118 |   184 ||   376
  Block: Kite shield       |       |       |       |    99 ||    99
